 Dungeon Crawl Stone Soup version 0.26.1-11-gd32895ea62 (webtiles) character file.

Game seed: 12190955386485548527

20 H0rd4k the Insei (level 2, -1/18 HPs)
             Began as an Octopode Transmuter on May 11, 2021.
             Slain by an adder (2 damage)
             ... on level 1 of the Dungeon.
             The game lasted 00:00:48 (955 turns).

H0rd4k the Insei (Octopode Transmuter)               Turns: 955, Time: 00:00:48

Health: -1/18      AC:  1    Str:  9    XL:     2   Next: 79%
Magic:  5/5        EV: 13    Int: 15    God:
Gold:   20         SH:  0    Dex: 12    Spells: 4/5 levels left

rFire    . . .     SeeInvis .     - Unarmed
rCold    . . .     Faith    .   (no shield)
rNeg     . . .     Spirit   .   (helmet restricted)
rPois    .         Reflect  .   (no amulet)
rElec    .         Harm     .   (no ring)
rCorr    .         Rampage  .   (no ring)
Will     .....                  (no ring)
Stlth    ++........             (no ring)
HPRegen  0.06/turn              (no ring)
MPRegen  0.09/turn              (no ring)
                                (no ring)
                                (no ring)

@: lethally poisoned (-1 -> -6)
A: almost no armour, stealthy swim, amphibious, 8 rings, constrict 8, camouflage
1, gelatinous body 1
a: no special abilities


You were on level 1 of the Dungeon.
You visited 1 branch of the dungeon, and saw 2 of its levels.

You collected 20 gold pieces.

Inventory:

Scrolls
 a - 2 scrolls of fog {unknown}
 c - a scroll of remove curse {unknown}
 d - a scroll of identify {unknown}
Potions
 b - a potion of lignification {unknown}
 e - a potion of degeneration {unknown}


   Skills:
 + Level 1.2 Fighting
 + Level 2.2 Dodging
 + Level 0.4 Stealth
 + Level 3.3 Unarmed Combat
 + Level 2.0 Spellcasting
 + Level 2.3 Transmutations


You had 4 spell levels left.
You knew the following spells:

 Your Spells              Type           Power        Failure   Level
a - Beastly Appendage     Tmut           16%          9%          1

Your spell library contained the following spells:

 Spells                   Type           Power        Failure   Level
 Wereblood                Tmut           8%           13%         2
 Spider Form              Tmut/Pois      2%           38%         3
 Ice Form                 Ice/Tmut       5%           80%         4
 Blade Hands              Tmut           4%           94%         5


Dungeon Overview and Level Annotations

Branches:
Dungeon (2/15)

Altars:
Xom


Innate Abilities, Weirdness & Mutations

You cannot wear most types of armour.
You are very stealthy in the water. (Stealth+)
You are amphibious.
You can wear up to eight rings at the same time.
You can use your tentacles to constrict eight enemies at once.
Your skin changes colour to match your surroundings (Stealth+).
Your rubbery body absorbs attacks. (AC +1, EV +1)


Message History

The quokka bites you. The adder bites you but does no damage.
The kobold hits you but does no damage. The quokka bites you.
* * * LOW HITPOINT WARNING * * *
You climb upwards.
There is a stone staircase leading down here.
The kobold closely misses you. The adder misses you.
The kobold throws a stone.
The stone barely misses you. The adder bites you.
* * * LOW HITPOINT WARNING * * *
You are lethally poisoned!
The adder poisons you!
* * * LOW HITPOINT WARNING * * *
You feel sick.
You miss the adder. Your grab misses the adder. Your squeeze misses the adder.
The adder closely misses you.
You closely miss the adder. Your grab misses the adder.
* * * LOW HITPOINT WARNING * * *
You feel sick. The adder barely misses you. x2
You closely miss the adder. Your grab misses the adder. The adder bites you.
You die...

.#
#.........##.#...#.#.###.#####
.###.#.#####.##.....#.#.....#
# .......# #.##>....#.....###
# .......# #.##..#######..# #
###...## #.###....#.....# #
.....## #.# #....#.###.#######
###### #.# #.K..#.# #....[...
#.# ##S#...# #########
#.###@#.#(## #.....
#....###..# #.####
#####.#...#######.#
#...........##.#
#.#.#..####.##.# #.#.#..#
#.##.# #.#.#..# #.##.####
#.#.#..####.##.....
#.#.#..).......####


You could see an adder and a kobold.

Vanquished Creatures
  2 dart slugs (D:1)
  A ball python (D:1)
  2 bats (D:1)
  2 giant cockroaches (D:1)
  2 goblins (D:1)
  A kobold (D:1)
  A frilled lizard (D:1)
  4 rats
15 creatures vanquished.

Notes
Turn   | Place    | Note
-------+----------+-------------------------------------------
     0 | D:1      | H0rd4k the Octopode Transmuter began the quest for the Orb.
     0 | D:1      | Reached XP level 1. HP: 13/13 MP: 3/3
    70 | D:1      | Reached XP level 2. HP: 16/18 MP: 5/5
   294 | D:1      | Found a shimmering altar of Xom.
   955 | D:1      | Slain by an adder

Illustrated notes

Levels and vault maps discovered:
D:1:      psy_arrival_fountain, layout_loops_ring, xom_teletrap_fun
D:2:      layout_rooms, elyvilon_altar_5, grunt_ministairs_13, uniq_robin,
          uniq_natasha

Action                   || total
-------------------------++-------
Melee: Unarmed           ||    40
       Tentacles         ||     7
       Constrict         ||     8
       Punch             ||     1
 Stab: Sleeping          ||     6
Armor: Skin              ||     7
Dodge: Dodged            ||    42
